 Dungeon Crawl Stone Soup version 0.22.0-25-g7663229 (webtiles) character file.

98 Inarius the Shooter (level 4, -3/38 HPs)
             Began as a Centaur Hunter on Aug 20, 2018.
             Slain by Terence
             ... wielding a +2 flail of protection
              (8 damage)
             ... on level 2 of the Dungeon.
             The game lasted 00:04:49 (1865 turns).

Inarius the Shooter (Centaur Hunter)                Turns: 1865, Time: 00:04:50

Health: -3/38      AC:  5    Str: 16    XL:     4   Next: 43%
Magic:  4/4        EV:  9    Int: 10    God:
Gold:   101        SH:  0    Dex:  9    Spells: 3/3 levels left

rFire    . . .     SeeInvis .   b - +0 short sword
rCold    . . .     Gourm    .   (no shield)
rNeg     . . .     Faith    .   o - +0 ring mail
rPois    +         Spirit   .   (no helmet)
rElec    .         Reflect  .   (no cloak)
rCorr    .         Harm     .   (no gloves)
MR       .....                  (no barding)
Stlth    ..........             (no amulet)
HPRegen  0.12/turn              e - ring of poison resistance
MPRegen  0.09/turn              (no ring)

@: very quick
A: large, hooves 3, deformed body, speed 2, tough skin 3
a: no special abilities


You were on level 2 of the Dungeon.
You were not hungry.

You visited 1 branch of the dungeon, and saw 2 of its levels.

You collected 101 gold pieces.

Inventory:

Hand Weapons
 a - a +1 shortbow
 b - a +0 short sword (weapon)
Armour
 o - a +0 ring mail (worn)
Jewellery
 e - a ring of poison resistance (left hand)
 r - a cursed ring of teleportation {unknown}
Scrolls
 c - a scroll of remove curse {unknown}
 h - a scroll of magic mapping {unknown}
 i - a scroll of blinking {unknown}
 k - a scroll of amnesia {unknown}
 l - 4 scrolls of identify {unknown}
 n - 2 scrolls of enchant armour {unknown}
Potions
 j - a potion of invisibility {unknown}
 m - 2 potions of curing {unknown}
 p - a potion of heal wounds {unknown}
 q - a potion of mutation {unknown}
Comestibles
 f - 4 rations
 g - 20 chunks of flesh


   Skills:
 + Level 3.0 Fighting
 * Level 6.4 Bows
 + Level 1.0 Armour
 + Level 1.9 Dodging
 + Level 0.4 Stealth


You had 3 spell levels left.
You didn't know any spells.
Your spell library was empty.

Dungeon Overview and Level Annotations

Branches:
Dungeon (2/15)

Altars:

Annotations:
D:2 Terence


Innate Abilities, Weirdness & Mutations

You have hooves in place of feet.
Armour fits poorly on your strangely shaped body.
You cover ground very quickly.
You have extremely tough skin. (AC +3)


Message History

Firing (i - inventory) No suitable missiles.
Press: ? - help, Shift-Dir - straight line, p - Terence 2 arrows.
Okay, then.
b - a +0 short sword (weapon)
Terence throws a stone.
The stone hits you but does no damage.
You see here a stone.
Terence throws a stone.
The stone barely misses you.
You see here a stone.
You hit Terence but do no damage.
Terence is heavily wounded.
Terence hits you with a flail of protection!
* * * LOW HITPOINT WARNING * * *
You hit Terence but do no damage.
Terence is heavily wounded.
Terence zaps a wand.
The puff of flame misses you.
You hit Terence but do no damage.
Terence is heavily wounded.
Terence hits you with a flail of protection!
You die...

## ...# .+ .....
..... ## !...
##...# ##.#. ##..#
.(. ..( #+# #(#
#.# #@# #.# #@#
######.## #(#
....#...## #(#
###......# #(#
.##.#....# #.#
#.#.##...#######(#
................(#
###.##############
#.#


You could see Terence.

Vanquished Creatures
  Robin (D:2)
  2 adders (D:2)
  A dart slug (D:1)
  5 giant cockroaches
  12 goblins
  3 hobgoblins
  10 jackals
  10 bats
  3 frilled lizards (D:1)
  6 kobolds
  4 rats (D:1)
57 creatures vanquished.

Notes
Turn   | Place    | Note
-------+----------+-------------------------------------------
     0 | D:1      | Inarius the Centaur Hunter began the quest for the Orb.
     0 | D:1      | Reached XP level 1. HP: 17/17 MP: 1/1
   324 | D:1      | Reached XP level 2. HP: 22/24 MP: 2/2
   848 | D:1      | Reached skill level 6 in Bows
   890 | D:1      | Reached XP level 3. HP: 29/30 MP: 3/3
  1653 | D:2      | Reached skill level 1 in Armour
  1653 | D:2      | Reached XP level 4. HP: 35/37 MP: 4/4
  1677 | D:2      | Noticed Robin
  1698 | D:2      | Killed Robin
  1839 | D:2      | Noticed Terence
  1865 | D:2      | Slain by Terence

Skill      XL: |  1  2  3  4 |
---------------+-------------+-----
Bows           | 6 |  6.4
Armour         | 1 |  1.0
Fighting       | 3 |  3.0
Dodging        | |  1.9
Stealth        | |  0.4

Action                   |  1- 3 |  4- 6 || total
-------------------------+-------+-------++-------
Melee: Short sword       |   143 |    27 ||   170
       Kick              |    22 |     5 ||    27
 Fire: Shortbow          |    16 |    25 ||    41
  Eat: Chunk             |     2 |       ||     2
Armor: Leather armour    |    71 |       ||    71
       Ring mail         |    15 |    17 ||    32
Dodge: Dodged            |    87 |    23 ||   110
